 Dungeon Crawl Stone Soup version 0.27-a0-1612-gde56a17b89 (webtiles) character file.

Game seed: 17875356456356294517

13040 robertstho the Warrior (level 11, -3/112 HPs)
             Began as a Minotaur Berserker on July 21, 2021.
             Was a High Priest of Trog.
             Slain by a lorocyproca (18 damage)
             ... on level 3 of the Abyss.
             The game lasted 00:19:28 (10505 turns).

robertstho the Warrior (Minotaur Berserker)        Turns: 10505, Time: 00:19:29

Health: -3/112     AC: 19    Str: 24    XL:     11   Next: 70%
Magic:  2/10       EV:  9    Int: 11    God:    Trog [*****.]
Gold:   268        SH:  4    Dex:  8    Spells: 10/10 levels left

rFire    + . .     SeeInvis .   y - +2 broad axe (vamp)
rCold    . . .     Faith    .   i - +0 buckler
rNeg     . . .     Spirit   .   f - +0 chain mail
rPois    .         Reflect  .   (helmet restricted)
rElec    .         Harm     .   p - +2 cloak
rCorr    .         Rampage  .   D - +0 pair of gloves
Will     ++...                  C - +0 pair of boots
Stlth    ..........             (no amulet)
HPRegen  1.28/turn              z - +6 ring of intelligence
MPRegen  0.12/turn              H - ring of protection from fire

@: strong-willed, on berserk cooldown, regenerating, slowed, studying Fighting,
very slow
A: horns 2, retaliatory headbutt, [clumsy 1]
a: Renounce Religion, Berserk, Trog's Hand, Brothers in Arms


You were on level 3 of the Abyss.
You worshipped Trog.
Trog was extremely pleased with you.
You visited 1 branch of the dungeon, and saw 11 of its levels.
You visited the Abyss 1 time.
You also visited: Sewer and Ossuary.

You collected 806 gold pieces.
You spent 538 gold pieces at shops.

Inventory:

Hand Weapons
 a - a +0 hand axe of draining
 y - a +2 vampiric broad axe (weapon)
Missiles
 l - 4 atropa-tipped darts (quivered)
 q - 2 throwing nets
 L - a curare-tipped dart
Armour
 f - a +0 chain mail (worn)
 i - a +0 buckler (worn)
 p - a +2 cloak (worn)
 C - a +0 pair of boots (worn)
 D - a +0 pair of gloves (worn)
Jewellery
 z - a +6 ring of intelligence (left hand)
 H - a ring of protection from fire (right hand)
 N - a ring of see invisible
Wands
 v - a wand of iceblast (19)
 A - a wand of acid (12)
 J - a wand of flame (44)
 K - a wand of polymorph (7)
Scrolls
 g - a scroll of brand weapon
 n - a scroll of immolation
 s - 3 scrolls of enchant weapon
 t - a scroll of enchant armour
 u - a scroll of holy word
 w - a scroll of vulnerability
 x - 2 scrolls of fog
 I - a scroll of teleportation
Potions
 b - 2 potions of might
 c - 6 potions of curing
 d - 2 potions of mutation
 e - 3 potions of attraction
 h - 2 potions of cancellation
 j - 5 potions of heal wounds
 k - 2 potions of flight {unknown}
 m - 2 potions of ambrosia {unknown}
 o - 2 potions of haste {unknown}
 r - 3 potions of degeneration {unknown}
 B - 2 potions of lignification {unknown}
 E - a potion of resistance {unknown}
 F - 2 potions of invisibility
 G - 2 potions of magic {unknown}


   Skills:
 * Level 15.0 Fighting
 + Level 13.2 Axes
 * Level 12.7 Armour
 + Level 4.0 Dodging
 + Level 1.3 Stealth
 + Level 5.0 Shields


You had 10 spell levels left.
You didn't know any spells.
Your spell library was empty.

Dungeon Overview and Level Annotations

Branches:
Dungeon (13/15)            Temple (0/1) D:7           Sewer (visited)
Ossuary (visited)
   Lair: D:8-11         Orc: D:9-12      Vaults: D:13-14

Altars:
Ashenzari
Fedhas
Wu Jian

Shops:
D:5 (   D:8 *

Annotations:
D:5 288 axe


Innate Abilities, Weirdness & Mutations

You have a pair of horns on your head.
You reflexively headbutt those who attack you in melee.
[You are clumsy. (Dex -2)]


Message History

Found a shortbow.
The satyr shoots an arrow.
The arrow barely misses you.
You feel a strong urge to attack something.
The satyr shoots an arrow.
The arrow hits you!
* * * LOW HITPOINT WARNING * * *
You are no longer berserk.
You are exhausted.
You feel yourself slow down.
You feel much better.
The satyr plays a frightful melody on his pipes!
The satyr radiates an aura of fear!
You are terrified of the satyr!
Something hits you but does no damage.
Deactivating autopickup; reactivate with Ctrl-A.
Your ogre goes berserk!
Something hits you but does no damage.
The satyr shoots an arrow.
The arrow hits you!!
* * * LOW HITPOINT WARNING * * *
Something hits you but does no damage.
Unknown command.
The satyr shoots an arrow.
The arrow completely misses you. Something hits your ogre!!!
Your ogre misses the satyr.
You see here 6 gold pieces.
You now have 268 gold pieces (gained 6).
You can read scrolls again.
Something hits your ogre!!
Your ogre dies!
Your ogre's corpse disappears in a puff of smoke!
The satyr shoots an arrow.
The arrow barely misses you.
Unknown command.
As you read the scroll labelled QAODEI KOH ETI, it crumbles to dust.
You assume a fearsome visage.
The satyr looks frightened!
It was a scroll of fear.
You are no longer terrified.
Something hits you!
* * * LOW HITPOINT WARNING * * *
You feel your power leaking away.
Your skin crawls.
You feel strong-willed. Something hits you!!
You die...

# ..... ....#
###....... ...
...)##..# ..
#...##..##..#.#
#.............##
#................
#...##..##..#) .
##...##..##..#.##.
#...@......... #
##...{........ . .
####....##..#... .
.#c#..# .##
c.......... .....#
. ..#.......#.. .#
.##..#........#..
# ....#.#.?.... #
.........##. ..#


You could see a satyr (fleeing).

Vanquished Creatures
  A hydra (D:12)
  2 two-headed ogres
  The ghost of tatocazan the Covered, a novice MiFi of Uskayaw (D:6)
  An ugly thing (D:11)
  A manticore (D:12)
  2 cyclopes
  2 gargoyles
  3 unseen horrors
  2 kobold demonologists (D:12)
  5 trolls
  4 flying skulls (Abyss:3)
  A vampire (D:12)
  2 shadows
  A wraith (D:12)
  A redback (shapeshifter) (D:12)
  4 yaks (D:12)
  3 vampire mosquitoes (D:12)
  An acid dragon (D:12)
  A sky beast (D:6)
  2 black bears
  Purgy (Sewer)
  An ice beast (D:7)
  2 necrophages
  2 centaurs
  An ogre (D:6)
  2 kobold brigands (D:12)
  2 bullfrogs
  2 elf zombies (Ossuary)
  A gnoll sergeant (D:5)
  8 scorpions
  A water moccasin skeleton (D:4)
  A wyvern skeleton (D:6)
  4 wights (D:8)
  3 bullfrog zombies
  2 centaur zombies
  2 human zombies (Ossuary)
  2 hounds
  4 orc priests
  A bullfrog skeleton (D:5)
  2 centaur skeletons
  4 iguanas
  4 orc wizards
  Natasha (thrice) (D:3)
  Terence (D:2)
  5 hound zombies
  4 mummies
  11 adders
  14 gnolls
  2 white imps
  An ufetubus (D:5)
  4 adder zombies (Ossuary)
  An adder skeleton (D:4)
  3 worms
  4 dart slugs
  26 orcs
  2 ball pythons
  9 endoplasms
  7 giant cockroaches
  8 goblins
  8 hobgoblins
  11 jackals
  17 kobolds
  8 quokkas
  17 bats
  2 frilled lizards (D:1)
  4 goblin zombies (Ossuary)
  3 hobgoblin zombies (Ossuary)
  3 jackal zombies (Ossuary)
  2 kobold zombies (Ossuary)
  3 orc zombies (Ossuary)
  2 quokka zombies (Ossuary)
  6 rats
  4 rat zombies (Ossuary)
287 creatures vanquished.

Vanquished Creatures (collateral kills)
  A wretched star (Abyss:3)
1 creature vanquished.

Vanquished Creatures (others)
  12 fungi (D:7)
12 creatures vanquished.

Grand Total: 300 creatures vanquished

Notes
Turn   | Place    | Note
-------+----------+-------------------------------------------
     0 | D:1      | robertstho the Minotaur Berserker began the quest for the
                  | Orb.
     0 | D:1      | Reached XP level 1. HP: 19/19 MP: 0/0
   166 | D:1      | Reached skill level 4 in Fighting
   172 | D:1      | Reached XP level 2. HP: 27/27 MP: 1/1
   630 | D:1      | Found a faded altar of an unknown god.
   632 | D:1      | Reached ** piety under Trog
   696 | D:1      | Reached XP level 3. HP: 31/34 MP: 2/2
  1228 | D:2      | Noticed Terence
  1232 | D:2      | Killed Terence
  1340 | D:2      | Reached XP level 4. HP: 35/41 MP: 3/3
  1569 | D:2      | Reached skill level 5 in Fighting
  2192 | D:2      | Identified a scroll of acquirement
  2192 | D:2      | Acquired a manual of Fighting
  2209 | D:3      | Reached *** piety under Trog
  2246 | D:3      | Reached skill level 5 in Axes
  2247 | D:3      | Reached XP level 5. HP: 48/48 MP: 4/4
  2430 | D:3      | Noticed Natasha
  2442 | D:3      | Killed Natasha
  2503 | D:3      | Noticed Natasha
  2512 | D:3      | Killed Natasha
  2513 | D:3      | Reached XP level 6. HP: 53/57 MP: 5/5
  2520 | D:3      | Noticed Natasha
  2529 | D:3      | Killed Natasha
  2617 | D:3      | Found a glowing drain.
  2641 | Sewer    | Entered a sewer
  2681 | Sewer    | Noticed Purgy
  2692 | Sewer    | Killed Purgy
  2693 | Sewer    | Reached skill level 6 in Fighting
  3023 | D:4      | Reached **** piety under Trog
  3039 | D:4      | Reached skill level 5 in Armour
  3049 | D:4      | Reached XP level 7. HP: 42/64 MP: 6/6
  3188 | D:4      | Reached skill level 7 in Fighting
  4075 | D:4      | Found an ornate altar of the Wu Jian Council.
  4155 | D:5      | Entered Level 5 of the Dungeon
  4171 | D:5      | Reached skill level 8 in Fighting
  4223 | D:5      | Reached XP level 8. HP: 74/74 MP: 7/7
  4266 | D:5      | Reached skill level 1 in Shields
  4358 | D:5      | Found a sand-covered staircase.
  4373 | Ossuary  | Entered an ossuary
  4605 | Ossuary  | Reached ***** piety under Trog
  4874 | Ossuary  | Reached skill level 9 in Fighting
  5035 | D:5      | Found Quwnelue's Weapon Shoppe.
  5721 | D:6      | Reached skill level 10 in Fighting
  5728 | D:6      | Found a broken altar of Ashenzari.
  5754 | D:6      | Reached XP level 9. HP: 75/85 MP: 8/8
  5928 | D:5      | Bought a +2 vampiric broad axe for 288 gold pieces
  6033 | D:6      | Reached skill level 1 in Stealth
  6169 | D:6      | Noticed tatocazan's ghost (novice MiFi)
  6170 | D:6      | Found a runed translucent door.
  6322 | D:6      | Identified the +0 chain mail "Xeqenib" {SInv}
  6484 | D:6      | Killed tatocazan's ghost
  6485 | D:6      | Reached skill level 10 in Axes
  6688 | D:7      | Reached skill level 11 in Fighting
  6981 | D:7      | Found a staircase to the Ecumenical Temple.
  6987 | D:7      | Received a gift from Trog
  7997 | D:8      | Found Kasocask's Assorted Antiques.
  8008 | D:8      | Bought a scroll of identify for 50 gold pieces
  8008 | D:8      | Bought a twisted copper ring for 125 gold pieces
  8008 | D:8      | Bought a scroll of identify for 50 gold pieces
  8008 | D:8      | Bought a scroll labelled TELEUT RILIMIU for 25 gold pieces
  8038 | D:8      | Found a blossoming altar of Fedhas.
  8152 | D:8      | Noticed a two-headed ogre
  8162 | D:8      | Killed a two-headed ogre
  8163 | D:8      | Reached XP level 10. HP: 54/97 MP: 9/9
  8422 | D:8      | You fall into a shaft and drop 3 floors!
  8422 | D:11     | Noticed a white ugly thing
  8435 | D:11     | Killed a white ugly thing
  8436 | D:11     | Reached skill level 12 in Fighting
  8648 | D:11     | Noticed a cyclops
  8653 | D:11     | Killed a cyclops
  8654 | D:11     | Reached skill level 10 in Armour
  8979 | D:11     | Noticed a gargoyle
  8991 | D:11     | Killed a gargoyle
  9204 | D:12     | Noticed a manticore
  9204 | D:12     | Noticed an eight-headed hydra
  9211 | D:12     | Killed a manticore
  9217 | D:12     | Killed a 12-headed hydra
  9218 | D:12     | Reached skill level 13 in Fighting
  9221 | D:12     | Reached XP level 11. HP: 107/107 MP: 10/10
  9559 | D:12     | Noticed a two-headed ogre
  9568 | D:12     | Killed a two-headed ogre
  9769 | D:12     | Reached skill level 14 in Fighting
 10463 | D:13     | Noticed a wizard
 10465 | D:13     | Cast into level 3 of the Abyss (a wizard)
 10475 | Abyss:3  | Found a corrupted altar of Lugonu.
 10477 | Abyss:3  | Noticed a wretched star
 10478 | Abyss:3  | Noticed a satyr
 10488 | Abyss:3  | Killed a wretched star
 10495 | Abyss:3  | Reached skill level 5 in Shields
 10497 | Abyss:3  | Reached skill level 15 in Fighting
 10505 | Abyss:3  | Slain by a lorocyproca

Illustrated notes

Levels and vault maps discovered:
D:1:      dpeg_arrival_subterranean_lakeside_camping, layout_rooms,
          ebering_ecumenical_altar_mist, minmay_misc_feat_diagonals,
          minmay_misc_feat_nine_boxes, hangedman_decor_growths
D:2:      minmay_chambers_of_ones, layout_loops_cross, st_stairs_7,
          minmay_heptomino_h4, uniq_terence
D:3:      layout_rooms, portal_sewer_entry_f, uniq_natasha
D:4:      layout_cave_pods, nzn_wu_jian_contemplation, minivault_19
D:5:      layout_gridville, gup_ossuary_entry_pyramid, serial_shops,
          shop_fountains, grunt_ministairs_8
D:6:      layout_loops_ring, mainiacjoe_overflow_24_doors,
          ebering_ghost_reflecting_pool
D:7:      old_forge, layout_basic, minmay_temple_entry_grid
D:8:      layout_basic, mainiacjoe_overflow_tiny_flanked,
          grunt_temple_overflow_open, serial_shops, nicolae_square_shop,
          corexii_corridor_pit
D:11:     layout_cave_pools
D:12:     layout_cave_pools
D:13:     layout_rooms, lightli_vaults_fourway_checkpoint,
          nicolae_trove_entry_crystal, small_chamber_with_monster,
          lightli_wizard_tower, uniq_azrael
Abyss:3:  base: D:11, nicolae_abyss_rune_left_handed

Skill      XL: |  1  2  3  4  5  6  7  8  9 10 11 |
---------------+----------------------------------+-----
Fighting       | 4 5 6 8 10 11 13 15 | 15.0
Axes           | 4 5 6 8 9 11 12 13 | 13.2
Armour         | 3 4 5 7 9 11 12 | 12.7
Dodging        | 3 4 |  4.0
Shields        | 2 4 5 |  5.0
Stealth        | 1 |  1.3

Action                   |  1- 3 |  4- 6 |  7- 9 | 10-12 || total
-------------------------+-------+-------+-------+-------++-------
Melee: Hand axe          |    70 |   149 |   258 |       ||   477
       Headbutt          |    11 |    24 |    83 |    33 ||   151
       Broad axe         |       |       |   114 |   163 ||   277
Invok: Berserk           |     1 |     1 |     3 |     6 ||    11
       Trog's Hand       |       |       |       |     2 ||     2
       Brothers in Arms  |       |       |       |     2 ||     2
  Use: Scroll            |     2 |     5 |    12 |     1 ||    20
       Potion            |       |       |       |     1 ||     1
 Stab: Sleeping          |     1 |       |       |       ||     1
Armor: Animal skin       |    10 |       |       |       ||    10
       Chain mail        |     3 |   109 |   231 |   162 ||   505
Dodge: Dodged            |    38 |    66 |   134 |    76 ||   314
Block: Buckler           |       |    14 |    50 |    43 ||   107

Table legend: (Time is in decaauts)
 A = Elapsed time spent in this place.
 B = Non-inter-level travel time spent in this place.
 C = Inter-level travel time spent in this place.
 D = Time resting spent in this place.
 E = Time spent auto-exploring this place.
 F = Levels seen in this place.
 G = Mean time per level.
                   A        B        C        D        E       F      G
               +--------+--------+--------+--------+--------+-----+--------+
         Total |  10599 |   9966 |    633 |    548 |   7783 |  14 |  757.1 |
       Dungeon |   9889 |   9256 |    633 |    548 |   7286 |  11 |  899.0 |
         Abyss |     37 |     37 |      0 |      0 |      7 |   1 |   37.0 |
         Sewer |    150 |    150 |      0 |      0 |    109 |   1 |  150.0 |
       Ossuary |    521 |    521 |      0 |      0 |    381 |   1 |  521.0 |
               +--------+--------+--------+--------+--------+-----+--------+

Top non-repeatable levels by time:
     D:7: 1316 daAuts
     D:1: 1202 daAuts
     D:4: 1141 daAuts
    D:12: 1058 daAuts
     D:2: 1016 daAuts
    D:11: 1005 daAuts
     D:5: 982 daAuts
     D:6: 961 daAuts
     D:3: 686 daAuts
 Ossuary: 521 daAuts
     D:8: 506 daAuts
   Sewer: 150 daAuts
 Abyss:3: 37 daAuts
    D:13: 10 daAuts
